 Dungeon Crawl Stone Soup version 0.28-a0-863-g8cecda6153 (webtiles) character file.

Game seed: 6384983154040153685

6030 mcbry74 the Myrmidon (level 10, -6/98 HPs)
             Began as a Troll Gladiator on Nov 16, 2021.
             Was an Elder of Okawaru.
             Killed from afar by an electric eel (12 damage)
             ... with a bolt of electricity
             ... on level 9 of the Dungeon.
             The game lasted 00:50:52 (7269 turns).

mcbry74 the Myrmidon (Troll Gladiator)              Turns: 7269, Time: 00:50:52

Health: -6/98      AC:  9    Str: 26    XL:     10   Next: 56%
Magic:  14/14      EV: 11    Int:  5    God:    Okawaru [****..]
Gold:   129        SH:  0    Dex: 11    Spells: 9/9 levels left

rFire   + . .      SeeInvis +   T - +3 giant spiked club
rCold   . . .      Faith    .   (shield currently unavailable)
rNeg    + + .      Spirit   .   i - +2 robe {Will+}
rPois   +          Reflect  .   b - +0 hat
rElec   .          Harm     .   A - +2 cloak {rPois}
rCorr   .          Rampage  .   (gloves unavailable)
Will    +....                   (boots unavailable)
Stlth   +.........              O - amulet of the Demon Prince {Drain rPois rN++ Regen+ SInv}
HPRegen 2.26/turn               L - ring of protection from fire
MPRegen 0.14/turn               N - ring of see invisible

@: no status effects
A: large, unfitting armour, claws 3, regeneration 1, shaggy fur 1, tough skin 1
a: Renounce Religion, Heroism, Finesse


You were on level 9 of the Dungeon.
You worshipped Okawaru.
Okawaru was greatly pleased with you.
You visited 2 branches of the dungeon, and saw 10 of its levels.
You also visited: Ossuary.

You collected 632 gold pieces.
You spent 503 gold pieces at shops.

Inventory:

Hand Weapons
 B - a +4 quarterstaff of chaos
 C - a +0 mace
 D - a +0 flail of draining
 E - a +0 giant club
 T - a +3 giant spiked club (weapon)
Missiles
 c - 5 throwing nets
 g - 235 stones
 t - 56 poisoned darts
 w - 8 large rocks
 x - a boomerang (quivered)
 J - 2 curare-tipped darts
Armour
 a - a +0 robe
 b - a +0 hat (worn)
 h - a +0 tower shield
 i - a +2 robe of willpower (worn)
 l - a +1 robe of fire resistance
 A - a +2 cloak of poison resistance (worn)
Jewellery
 L - a ring of protection from fire (left claw)
 M - a ring of magical power
 N - a ring of see invisible (right claw)
 O - the amulet of the Demon Prince (around neck) {Drain rPois rN++ Regen+ SInv}
   (You bought it in a shop on level 4 of the Dungeon)

   [amulet of regeneration]

   rPois:     It protects you from poison.
   rN:        It greatly protects you from negative energy.
   SInv:      It lets you see invisible.
   Regen:     It increases your rate of health regeneration.
   Drain:     It drains your maximum health when unequipped.
 S - a ring of poison resistance
Wands
 R - a wand of iceblast (9)
Scrolls
 e - a scroll of vulnerability {unknown}
 m - 2 scrolls of immolation
 n - 4 scrolls of teleportation
 o - 3 scrolls of magic mapping
 p - a scroll of acquirement {unknown}
 r - a scroll of fog {unknown}
 s - 5 scrolls of enchant armour
 y - a scroll of noise {unknown}
 G - 2 scrolls of fear
 H - 3 scrolls of amnesia
 Q - a scroll of brand weapon {unknown}
Potions
 f - 4 potions of might
 j - a potion of heal wounds {unknown}
 k - 2 potions of magic {unknown}
 q - 3 potions of lignification {unknown}
 u - 3 potions of curing {unknown}
 z - 2 potions of attraction {unknown}
 F - 5 potions of brilliance
 I - a potion of haste {unknown}
 K - a potion of flight {unknown}
 P - 2 potions of ambrosia {unknown}


   Skills:
 + Level 5.7 Fighting
 + Level 6.9 Maces & Flails
 + Level 6.5 Throwing
 + Level 5.8 Dodging
 - Level 3.9 Unarmed Combat
 - Level 7.0 Invocations


You had 9 spell levels left.
You didn't know any spells.
Your spell library contained the following spells:

 Spells                   Type           Power      Damage    Failure   Level
 Pain                     Necr           0%         1d4       47%         1
 Slow                     Hex            0%         N/A       47%         1
 Blink                    Tloc           0%         N/A       63%         2
 Passwall                 Tmut/Erth      0%         N/A       63%         2
 Confusing Touch          Hex            0%         N/A       85%         3
 Conjure Flame            Conj/Fire      0%         6-21      85%         3
 Ignite Poison            Fire/Tmut/Pois 0%         N/A       85%         3
 Lesser Beckoning         Tloc           0%         N/A       85%         3
 Mephitic Cloud           Conj/Pois/Air  0%         N/A       85%         3
 Ozocubu's Armour         Ice            0%         N/A       85%         3
 Swiftness                Air            0%         N/A       85%         3
 Sticky Flame             Conj/Fire      0%         2d3       99%         4
 Freezing Cloud           Conj/Ice/Air   0%         6-21      100%        5
 Manifold Assault         Tloc           0%         N/A       100%        5
 Metabolic Englaciation   Hex/Ice        0%         N/A       100%        5
 Yara's Violent Unravell  Hex/Tmut       0%         3d3       100%        5
 Conjure Ball Lightning   Conj/Air       0%         3x3d6     100%        6
 Discord                  Hex            0%         N/A       100%        8
 Disjunction              Tloc           0%         N/A       100%        8
 Animate Skeleton         Necr           Unusable   N/A       N/A         1
 Simulacrum               Ice/Necr       Unusable   N/A       N/A         6

Dungeon Overview and Level Annotations

Branches:
Dungeon (9/15)             Temple (1/1) D:5         Ossuary (visited)
   Lair: D:8-11         Orc: D:9-12

Altars:
Ashenzari
Cheibriados
Dithmenos
Elyvilon
Fedhas
Gozag
Hepliaklqana
Kikubaaqudgha
Makhleb
Nemelex Xobeh
Okawaru
Qazlal
Ru
Sif Muna
Trog
Uskayaw
Vehumet
Wu Jian
Xom
Yredelemnul
Zin
The Shining One

Shops:
D:4 =   D:6 *

Annotations:
D:6 1 runed translucent door


Innate Abilities, Weirdness & Mutations

You are too large for most types of armour.
You have claws for hands.
Your natural rate of healing is unusually fast.
You are covered in fur. (AC +1)
You have tough skin. (AC +1)


Message History

The bolt of electricity hits you!
The electric eel shoots out a bolt of lightning at you!
The bolt of electricity misses you.
The electric eel shoots out a bolt of lightning at you!
The bolt of electricity hits you!
There is an open door here.
The electric eel shoots out a bolt of lightning at you!
The bolt of electricity hits the electric eel.
The electric eel completely resists.
The bolt of electricity hits you!
The electric eel shoots out a bolt of lightning at you!
The bolt of electricity hits you!
There is an open door here.
You start resting.
HP restored.
There is an open door here.
The electric eel shoots out a bolt of lightning at you!
The bolt of electricity hits you! x2
The electric eel shoots out a bolt of lightning at you!
The bolt of electricity misses you. The bolt of electricity hits you!
The bolt of electricity misses the electric eel.
The electric eel shoots out a bolt of lightning at you!
The bolt of electricity hits you! x2
You barely miss the electric eel.
The electric eel shoots out a bolt of lightning at you!
The bolt of electricity hits you. The bolt of electricity hits you!
The bolt of electricity hits the electric eel.
The electric eel completely resists.
The electric eel shoots out a bolt of lightning at you!
The bolt of electricity misses you. The bolt of electricity hits you!
* * * LOW HITPOINT WARNING * * *
The electric eel shoots out a bolt of lightning at you!
The bolt of electricity hits you!
* * * LOW HITPOINT WARNING * * *
The bolt of electricity hits you!
* * * LOW HITPOINT WARNING * * *
The electric eel shoots out a bolt of lightning at you!
The bolt of electricity hits you!
* * * LOW HITPOINT WARNING * * *
The bolt of electricity hits you!
You die...

##..##..##.......≈≈≈≈.≈.#
... ....##.###..P≈≈≈≈≈≈.#
## .###.##.# ...≈.≈≈≈≈..
# #. #.##'###....≈≈≈≈♣..
### # #..........≈≈.≈≈≈♣.
##.. ##.....####SS≈≈≈≈..
≈... #.......##....≈....
S..P
#.........##..♣P.##.##
≈P≈.
..'.........'@........g ♣
.##.........####....#.#
≈♣ ♣ ##.......##
###.#.#.#.≈≈♣ ♣ ##.....##
#........≈.♣ ♣♣ ###
####...## #. #.## ≈≈≈♣♣≈
.......###'## #.# #.#
..≈≈≈ ##...#[# #.# #.#
#g# ##≈.. .....#.# #.#
#.# #g# #### #...#.###.##
#.# #.# #


You could see 2 electric eels.

Vanquished Creatures
  A two-headed ogre (D:9)
  The ghost of t4s4d4r the Martial Artist, a novice OpTm of Gozag (D:6)
  A troll (D:9)
  Prince Ribbit (D:8)
  2 wyverns (D:9)
  A yak (D:9)
  A steam dragon (D:8)
  Menkaure (D:5)
  2 water moccasins
  An orc warrior (D:9)
  A black bear (D:6)
  2 sky beasts
  A hornet zombie (D:7)
  An ogre (D:4)
  A necrophage (D:5)
  A centaur (D:8)
  2 kobold brigands (D:8)
  5 bullfrogs
  4 elf zombies (Ossuary)
  2 gnoll sergeants (D:9)
  A scorpion (D:5)
  3 killer bees (D:9)
  13 wights
  3 electric eels (D:9)
  3 howler monkeys
  6 centaur zombies
  4 human zombies (Ossuary)
  Crazy Yiuf (D:3)
  2 bullfrog skeletons (D:4)
  2 centaur skeletons
  3 hounds
  2 orc priests
  Jessica (D:2)
  2 iguanas
  An orc wizard (D:6)
  A hound skeleton (D:4)
  3 mummies (Ossuary)
  2 howler monkey zombies
  A howler monkey skeleton (D:7)
  6 adders
  11 gnolls
  A river rat (D:6)
  3 ufetubi
  An adder zombie (D:5)
  An adder skeleton (D:4)
  2 worms
  3 dart slugs
  25 orcs
  2 bats
  4 endoplasms
  A giant cockroach (D:2)
  4 goblins
  4 hobgoblins
  6 quokkas
  7 ball pythons
  A frilled lizard (D:3)
  18 kobolds
  6 rats
192 creatures vanquished.

Vanquished Creatures (others)
  46 plants (D:9)
46 creatures vanquished.

Grand Total: 238 creatures vanquished

Notes
Turn   | Place    | Note
-------+----------+-------------------------------------------
     0 | D:1      | mcbry74 the Troll Gladiator began the quest for the Orb.
     0 | D:1      | Reached XP level 1. HP: 19/19 MP: 0/0
   236 | D:1      | Reached XP level 2. HP: 24/28 MP: 1/1
   678 | D:2      | Reached XP level 3. HP: 35/35 MP: 2/2
  1110 | D:2      | Reached XP level 4. HP: 42/42 MP: 3/3
  1148 | D:2      | Noticed Jessica
  1156 | D:2      | Killed Jessica
  1164 | D:2      | Got Jessica's Volume of Necromancy
  1336 | D:4      | Found Natreps's Jewellery Shoppe.
  1343 | D:4      | Reached XP level 5. HP: 50/50 MP: 4/4
  1414 | D:4      | Noticed an ogre
  1599 | D:3      | Found a runed translucent door.
  1600 | D:3      | Noticed Crazy Yiuf
  2018 | D:3      | Killed Crazy Yiuf
  2133 | D:4      | Killed an ogre
  2134 | D:4      | Reached XP level 6. HP: 56/61 MP: 5/5
  2376 | D:4      | Reached skill level 1 in Maces & Flails
  2724 | D:5      | Entered Level 5 of the Dungeon
  2837 | D:5      | Noticed a sky beast
  2844 | D:5      | Killed a sky beast
  2845 | D:5      | Reached XP level 7. HP: 67/67 MP: 6/6
  2975 | D:5      | Noticed Menkaure
  3020 | D:5      | Killed Menkaure
  3351 | D:5      | Found a staircase to the Ecumenical Temple.
  3358 | Temple   | Entered the Ecumenical Temple
  3557 | Temple   | Became a worshipper of Warmaster Okawaru
  3740 | D:6      | Found a runed translucent door.
  3740 | D:6      | Noticed t4s4d4r's ghost (novice OpTm)
  3754 | D:6      | Found a sand-covered staircase.
  3759 | Ossuary  | Entered an ossuary
  3768 | Ossuary  | Reached skill level 1 in Invocations
  3782 | Ossuary  | Reached skill level 2 in Invocations
  3845 | Ossuary  | Reached skill level 3 in Invocations
  3845 | Ossuary  | Reached XP level 8. HP: 71/75 MP: 9/9
  3899 | Ossuary  | Reached * piety under Okawaru
  3900 | Ossuary  | Reached skill level 4 in Invocations
  3980 | Ossuary  | Reached skill level 5 in Invocations
  4132 | D:6      | Reached skill level 6 in Invocations
  4155 | D:6      | Reached ** piety under Okawaru
  4211 | D:6      | Found Agularyu's Assorted Antiques.
  4406 | D:6      | Found a runed translucent door.
  4681 | D:7      | Reached skill level 7 in Invocations
  4684 | D:7      | Reached XP level 9. HP: 83/83 MP: 13/13
  4993 | D:4      | Bought the amulet of the Demon Prince {Drain rPois rN++
                  | Regen+ SInv} for 503 gold pieces
  5117 | D:6      | Killed t4s4d4r's ghost
  5118 | D:6      | Reached skill level 5 in Maces & Flails
  5230 | D:7      | Identified the +0 helmet "Omma" {Dex+2}
  5502 | D:7      | Reached skill level 5 in Throwing
  5527 | D:8      | Reached *** piety under Okawaru
  5669 | D:8      | Noticed Prince Ribbit
  5682 | D:8      | Killed Prince Ribbit
  6100 | D:8      | Reached skill level 5 in Dodging
  6100 | D:8      | Reached XP level 10. HP: 93/94 MP: 14/14
  6379 | D:9      | Found a bloodstained altar of Trog.
  6381 | D:9      | Found a shimmering altar of Xom.
  6383 | D:9      | Found a glowing golden altar of the Shining One.
  6438 | D:9      | Found an ancient bone altar of Kikubaaqudgha.
  6438 | D:9      | Found a shadowy altar of Dithmenos.
  6465 | D:9      | Reached skill level 5 in Fighting
  6472 | D:9      | Reached **** piety under Okawaru
  6485 | D:9      | HP: 2/96 [gnoll sergeant (13)]
  6949 | D:9      | Noticed a two-headed ogre
  6957 | D:9      | Killed a two-headed ogre
  6972 | D:9      | Identified the +1 helmet of a bailey {*Slow rElec rCorr
                  | SInv}
  7269 | D:9      | Killed from afar by an electric eel

Illustrated notes

Levels and vault maps discovered:
D:1:      dpeg_arrival_castle, layout_rooms,
          dreamdust_ecumenical_altar_angels_and_demons
D:2:      layout_basic, grunt_ministairs_14, kennysheep_jessica_study
D:3:      layout_basic, uniq_crazy_yiuf_cottage
D:4:      layout_basic, serial_shops, shop_coins, guppyfry_early_lair_pool
D:5:      layout_loops_ring, temple_green, uniq_menkaure
D:6:      layout_rooms, enter_ossuary_5, serial_shops, nicolae_square_shop,
          ebering_ghost_sewer_f, minmay_misc_feat_more_columns
D:7:      layout_loops_ring, hangedman_glass_teeth, minmay_diced_spiral
D:8:      layout_gridville, uniq_prince_ribbit1
D:9:      layout_loops_corners, grunt_temple_overflow_open, serial_bayou,
          serial_bayou_lake_a, serial_bayou_pond_c, serial_bayou_pond_c,
          serial_bayou_pond_b
Temple:   bh_familiar_temple

Skill      XL: |  1  2  3  4  5  6  7  8  9 10 |
---------------+-------------------------------+-----
Fighting       | 2 3 4 5 |  5.7
Throwing       | 2 3 4 5 6 |  6.5
Dodging        | 3 5 |  5.8
Maces & Flails | 3 4 6 |  6.9
Invocations    | 3 7 |  7.0
Unarmed Combat | |  3.9

Action                   |  1- 3 |  4- 6 |  7- 9 | 10-12 || total
-------------------------+-------+-------+-------+-------++-------
Melee: Unarmed           |    56 |   124 |     7 |       ||   187
       Punch             |     2 |       |       |       ||     2
       Giant club        |       |    10 |   440 |   116 ||   566
       Giant spiked club |       |       |       |    19 ||    19
Throw: Stone             |    40 |     4 |     5 |       ||    49
       Throwing net      |     1 |       |       |       ||     1
       Boomerang         |       |       |    12 |    13 ||    25
       Large rock        |       |       |     6 |       ||     6
Invok: Heroism           |       |       |     1 |       ||     1
       Finesse           |       |       |       |     2 ||     2
  Use: Scroll            |       |       |     3 |    11 ||    14
Armor: Robe              |     9 |    66 |   324 |    54 ||   453
Dodge: Dodged            |    20 |    86 |   273 |   136 ||   515

Table legend: (Time is in decaauts)
 A = Elapsed time spent in this place.
 B = Non-inter-level travel time spent in this place.
 C = Inter-level travel time spent in this place.
 D = Time resting spent in this place.
 E = Time spent auto-exploring this place.
 F = Levels seen in this place.
 G = Mean time per level.
                   A        B        C        D        E       F      G
               +--------+--------+--------+--------+--------+-----+--------+
         Total |   7525 |   7009 |    516 |    261 |   4230 |  11 |  684.1 |
       Dungeon |   7017 |   6521 |    496 |    252 |   4006 |   9 |  779.7 |
        Temple |    220 |    200 |     20 |      0 |    157 |   1 |  220.0 |
       Ossuary |    287 |    287 |      0 |      9 |     67 |   1 |  287.0 |
               +--------+--------+--------+--------+--------+-----+--------+

Top non-repeatable levels by time:
     D:8: 929 daAuts
     D:9: 928 daAuts
     D:2: 859 daAuts
     D:7: 832 daAuts
     D:5: 822 daAuts
     D:4: 777 daAuts
     D:3: 749 daAuts
     D:6: 744 daAuts
     D:1: 374 daAuts
 Ossuary: 287 daAuts
  Temple: 220 daAuts
